Map: [ESL] Site Delta

Players

Krystianer - Winner!

  • Race: Protoss Protoss
  • Spawn Location: 11:00

Elazer

  • Race: Zerg Zerg
  • Spawn Location: 5:00

Event: ESL SC2 Masters 2024 Spring (Regional)

VOD

Have the link to the VOD?

Description

Time

  • Played on: April 26, 2024, 12:21 p.m.
  • Length: 8:23

All games in this series

Show
View Real Time Build Order
Export as new Build Order

Krystianer Protoss - Winner!

Build Orders: 1 Gate Expand, Oracle Opening, Archon Immortal 

Get SALT Encoding   

  12  0:00  Probe  
  13  0:12  Probe  
  14  0:18  Pylon  
  14  0:24  Probe (Chrono Boost)  
  15  0:38  Probe (Chrono Boost), Gateway  
  16  0:43  Probe (Chrono Boost)  
  16  0:46  Assimilator  
  17  0:52  Probe  
  18  1:04  Probe  
  19  1:17  Probe  
  20  1:23  Nexus  
  20  1:33  Cybernetics Core  
  20  1:36  Probe  
  21  1:42  Assimilator  
  21  1:48  Probe  
  21  1:52  Pylon  
  22  2:00  Probe  
  23  2:07  Adept (Chrono Boost)  
  23  2:13  Probe  
  26  2:17  Stargate  
  26  2:22  Warp Gate  
  26  2:25  Probe (Chrono Boost)  
  26  2:27  Adept (Chrono Boost)  
  27  2:35  Probe (Chrono Boost)  
  30  2:43  Probe (Chrono Boost)  
  32  2:45  Probe (Chrono Boost)  
  32  2:50  Probe x2 (Chrono Boost)  
  36  3:00  Oracle (Chrono Boost)  
  36  3:01  Probe x2  
  41  3:09  Gateway  
  39  3:13  Probe  
  39  3:14  Probe  
  41  3:25  Probe  
  41  3:26  Probe  
  43  3:28  Pylon  
  43  3:34  Nexus  
  43  3:37  Probe  
  43  3:38  Probe  
  45  3:43  Oracle (Chrono Boost)  
  48  3:49  Probe  
  48  3:50  Probe  
  48  3:53  Assimilator  
  48  3:55  Assimilator  
  50  3:58  Pylon  
  50  4:01  Probe  
  50  4:02  Probe  
  52  4:07  Twilight Council  
  52  4:09  Forge  
  52  4:14  Probe x2  
  54  4:23  Adept x2  
  58  4:26  Probe  
  58  4:27  Robotics Facility  
  58  4:29  Probe  
  61  4:39  Probe (Chrono Boost)  
  61  4:43  Probe (Chrono Boost)  
  62  4:47  Adept x2  
  62  4:48  Probe (Chrono Boost)  
  62  4:52  Probe (Chrono Boost)  
  68  4:55  Probe (Chrono Boost)  
  68  4:58  Probe (Chrono Boost)  
  71  5:01  Probe (Chrono Boost)  
  71  5:02  Probe (Chrono Boost)  
  71  5:04  Probe (Chrono Boost)  
  71  5:05  Probe (Chrono Boost)  
  73  5:07  Probe  
  73  5:08  Adept  
  73  5:11  Pylon  
  77  5:23  Probe x2  
  77  5:24  Probe, Gateway  
  77  5:25  Gateway  
  77  5:28  Sentry, Gateway  
  76  5:29  Shield Battery  
  76  5:32  Immortal (Chrono Boost)  
  76  5:35  Probe  
  81  5:36  Probe  
  81  5:40  Templar Archives  
  81  5:41  Probe  
  79  5:43  Gateway  
  79  5:45  Charge  
  79  5:50  Assimilator  
  79  5:51  Pylon, Assimilator, Protoss Ground Weapons Level 1 (Chrono Boost)  
  79  6:00  Gateway  
  79  6:01  Immortal (Chrono Boost), Shield Battery  
  83  6:04  Gateway  
  83  6:06  Probe x2  
  83  6:09  Probe  
  86  6:13  Zealot x2  
  86  6:17  Pylon  
  90  6:25  Pylon  
  90  6:27  Warp Prism (Chrono Boost)  
  90  6:30  Probe  
  93  6:33  Robotics Facility  
  93  6:34  Pylon  
  93  6:35  High Templar x3  
  93  6:36  High Templar  
  101  6:40  Pylon  
  101  6:43  Archon x2  
  101  6:47  Zealot x2  
  103  6:50  Pylon  
  105  6:56  Immortal (Chrono Boost)  
  105  6:57  Sentry  
  105  7:00  Pylon, Sentry  
  113  7:09  Zealot x6  
  113  7:13  Pylon  
  113  7:14  Pylon, Probe  
  126  7:26  Probe  
  127  7:30  High Templar x3  
  127  7:31  Zealot x4, High Templar  
  127  7:32  Probe  
  127  7:33  Probe  
  127  7:34  Archon  
  127  7:35  Archon  
  143  7:38  Immortal, Probe  
  142  7:44  Probe  
  142  7:45  Probe  
  142  7:50  Probe  
  139  7:54  Zealot x4  
  139  7:56  Probe  
  144  8:03  Zealot x4  
  150  8:09  Probe  
  150  8:10  Probe  
Show
View Real Time Build Order
Export as new Build Order

Elazer Zerg 

Build Orders: Hatch First 

Get SALT Encoding   

  12  0:00  Drone  
  13  0:11  Overlord  
  13  0:16  Drone  
  14  0:30  Drone x2  
  16  0:48  Hatchery  
  15  0:51  Drone  
  15  0:54  Drone  
  17  0:57  Drone  
  18  1:08  Extractor  
  17  1:12  Spawning Pool  
  17  1:15  Drone  
  17  1:19  Drone  
  18  1:27  Drone  
  19  1:38  Drone  
  20  1:48  Drone  
  21  1:59  Queen x2  
  21  2:00  Zergling x2  
  21  2:01  Overlord  
  26  2:11  Metabolic Boost, Drone x2  
  28  2:21  Drone x2  
  30  2:32  Drone  
  30  2:34  Hatchery  
  30  2:39  Queen  
  30  2:43  Drone  
  33  2:47  Overlord  
  34  2:51  Zergling x2  
  34  2:54  Zergling x4  
  36  3:04  Overlord  
  36  3:05  Queen  
  38  3:08  Drone x2  
  38  3:10  Drone  
  41  3:19  Queen  
  41  3:22  Drone x3  
  46  3:28  Drone x2  
  48  3:40  Drone x4  
  52  3:44  Overlord  
  52  3:45  Queen  
  54  3:53  Drone x4  
  58  3:58  Overlord  
  58  4:06  Overlord  
  58  4:07  Drone x3  
  58  4:08  Drone, Queen  
  64  4:15  Drone x2  
  64  4:17  Overlord  
  66  4:18  Drone x3  
  69  4:27  Drone  
  69  4:28  Drone x4  
  74  4:31  Roach Warren  
  74  4:33  Spore Crawler  
  69  4:39  Overlord  
  69  4:42  Drone x6  
  71  4:53  Drone x4  
  71  4:55  Drone x2  
  71  4:57  Extractor x2  
  75  5:05  Drone x5  
  76  5:07  Drone  
  76  5:08  Hatchery  
  76  5:10  Drone  
  76  5:11  Drone x3  
  80  5:19  Overlord  
  76  5:22  Drone x2  
  76  5:27  Drone x4  
  79  5:31  Drone  
  79  5:34  Drone  
  77  5:38  Drone x2  
  77  5:39  Drone x2  
  77  5:41  Spore Crawler  
  77  5:42  Drone x4  
  84  5:44  Drone  
  81  5:53  Lair, Drone x2  
  83  5:57  Overlord  
  83  5:58  Evolution Chamber  
  83  6:02  Overlord  
  82  6:06  Zergling x8, Extractor  
  82  6:10  Overlord  
  85  6:12  Extractor x2  
  85  6:13  Drone x3  
  85  6:14  Drone x3  
  89  6:19  Drone x2  
  89  6:20  Drone  
  89  6:22  Drone  
  93  6:26  Zerg Missile Weapons Level 1  
  93  6:28  Drone  
  93  6:30  Drone  
  95  6:34  Drone x2  
  95  6:36  Drone x9  
  106  6:42  Overlord  
  106  6:43  Drone x2  
  108  6:48  Hatchery  
  108  6:52  Glial Reconstitution  
  108  6:53  Roach x3  
  113  6:59  Roach x2  
  117  7:01  Pneumatized Carapace  
  117  7:02  Drone  
  117  7:03  Evolution Chamber, Drone  
  117  7:04  Baneling Nest, Hatchery  
  117  7:05  Roach  
  117  7:06  Roach  
  120  7:09  Roach  
  120  7:11  Roach x4  
  128  7:16  Overlord x2  
  128  7:18  Roach x2  
  128  7:19  Ravager x5  
  128  7:21  Roach  
  138  7:23  Spore Crawler  
  138  7:24  Roach  
  138  7:26  Roach x2  
  142  7:33  Overlord x3  
  138  7:44  Roach x8  
  139  7:52  Roach x6  
  139  7:53  Roach  
  139  7:54  Roach  
  137  8:02  Roach x7  
Tags
 
Add a new tag
Caveats
  • Supply blocks, unpowered buildings, or Contaminate may cause inaccurate times.
  • Supply counts are checked every 10 seconds.